 Dungeon Sprint DCSS version 0.28.0-45-g0d030f2227 (webtiles) character file.

Game seed: 6353697621421874313

2622 Baz the Fighter (level 9, -6/81 HPs)
             Began as a Djinni Fire Elementalist on Apr 4, 2022.
             Was a Priest of Makhleb.
             Mangled by an orc knight
             ... wielding a +1 vorpal long sword
              (15 damage)
             ... in the Dungeon (Sprint III: "The Ten Rune Challenge").
             The game lasted 00:06:28 (1967 turns).

Baz the Fighter (Djinni Fire Elementalist)          Turns: 1967, Time: 00:06:29

Health: -6/81      AC:  3    Str:  7    XL:     9   Next: 91%
Gold:   31         EV: 15    Int: 21    God:    Makhleb [***...] SH:  0 Dex: 14

rFire   + + .      SeeInvis .   h - +3 quarterstaff (chaos)
rCold   x . .      Faith    .   (shield currently unavailable)
rNeg    . . .      Spirit   .   a - +0 robe
rPois   ∞          Reflect  .   (no helmet)
rElec   .          Harm     .   i - +0 cloak
rCorr   +          Rampage  .   (no gloves)
Will    .....      NoTele   +   (boots unavailable)
Stlth   ++........              (no amulet)
HPRegen 0.23/turn               g - ring of resist corrosion
MPRegen 0.00/turn               (no ring)

@: flying
A: sickness immunity, fire resistance 2, cold vulnerability 1, float, innate
caster, HP casting, extra vitality 1
a: Renounce Religion, Minor Destruction, Lesser Servant of Makhleb


You were in the Dungeon.
You worshipped Makhleb.
Makhleb was most pleased with you.
You visited 1 branch You collected 31 gold pieces.

Inventory:

Hand Weapons
 h - a +3 quarterstaff of chaos (weapon)
 r - a +0 long sword of holy wrath
Armour
 a - a +0 robe (worn)
 i - a +0 cloak (worn)
Jewellery
 g - a ring of resist corrosion (left hand)
Wands
 q - a wand of charming (6)
Scrolls
 f - a scroll of blinking
 k - a scroll of holy word {unknown}
 l - 3 scrolls of identify
 o - a scroll of immolation {unknown}
Potions
 b - 3 potions of curing
 c - a potion of heal wounds
 d - a potion of haste
 e - 2 potions of berserk rage
 j - 3 potions of mutation {unknown}
 m - a potion of might
 n - a potion of attraction {unknown}
 p - a potion of flight {unknown}


   Skills:
 + Level 13.8 Fighting
 + Level 7.1 Dodging
 - Level 1.7 Stealth
 + Level 11.3 Spellcasting
 + Level 6.0 Invocations


You had 7 spell levels left.
You knew the following spells:

 Your Spells              Type           Power      Damage    Failure   Level
a - Foxfire               Conj/Fire      100%       2x1d9     1%          1
b - Scorch                Fire           100%       2d10      1%          2
c - Conjure Flame         Conj/Fire      56%        6-21      1%          3
d - Inner Flame           Hex/Fire       56%        N/A       1%          3
e - Flame Wave            Conj/Fire      56%        2d11      1%          4
f - Animate Skeleton      Necr           100%       N/A       1%          1
g - Poisonous Vapours     Pois/Air       100%       N/A       1%          2
h - Teleport Other        Tloc           56%        N/A       1%          3
i - Airstrike             Air            28%        N/A       1%          4
Your spell library was empty.

Dungeon Overview and Level Annotations

Branches:
Dungeon (1/1)

Altars:
Cheibriados
Dithmenos
Elyvilon
Fedhas
Gozag
Hepliaklqana
Kikubaaqudgha
Makhleb
Nemelex Xobeh
Okawaru
Qazlal
Ru
Sif Muna
Trog
Uskayaw
Vehumet
Wu Jian
Xom
Yredelemnul
Zin
The Shining One
Beogh
Jiyva
Lugonu


Innate Abilities, Weirdness & Mutations

You are immune to sickness and miasma.
You are immune to poison.
Your flesh is very heat resistant. (rF++)
You are vulnerable to cold. (rC-)
You float through the air rather than walking.
You learn spells naturally, not from books.
Your magical power is your life essence.
You have superior vitality. (+4 MHP)


Message History

Poisonous vapours surround the orc priest!
The orc priest is poisoned.
Unknown command.
There is an open door here.
The orc knight hits you with a +1 vorpal long sword!
The orc knight is no longer more vulnerable to fire.
Casting: Poisonous Vapours (safe; 1% risk of failure)
Confirm with . or Enter, or press ? or * to list all spells.
Flames lash the orc knight.
The orc knight is almost dead.
The orc knight's fire resistance burns away.
Unknown command.
Casting: Scorch (safe; 1% risk of failure)
Confirm with . or Enter, or press ? or * to list all spells.
Flames lash the orc knight but do no damage.
The orc knight hits you with a +1 vorpal long sword!
Unknown command.
Casting: Scorch (safe; 1% risk of failure)
Confirm with . or Enter, or press ? or * to list all spells.
Flames lash the orc.
You kill the orc!
Makhleb accepts your kill.
The orc priest no longer looks unusually strong.
The orc priest calls down the wrath of Beogh upon you.
Pain shoots through your body!
* * * LOW HITPOINT WARNING * * *
The orc knight misses you.
Unknown command.
Casting: Scorch (safe; 1% risk of failure)
Confirm with . or Enter, or press ? or * to list all spells.
Flames lash the orc priest.
The orc priest is heavily wounded.
The orc priest's fire resistance burns away.
* * * LOW HITPOINT WARNING * * *
The orc knight is no longer more vulnerable to fire.
The orc priest calls down the wrath of Beogh upon you.
Beogh smites you!
* * * LOW HITPOINT WARNING * * *
The orc knight hits you with a +1 vorpal long sword!
You die...

▓▓▓▓ ▓▓▓ ...♣ ♣.############$$
...♣♣ ♣♣.#___#___#__#$## ....♣
♣..#...#__)#)_#.$.
..≈♣♣♣♣..###'#'###'##.$
.≈≈♣♣♣.♣.#......o...#o$
≈≈≈≈.♣.♣.'.⌠....@oo.#o#
≈≈≈≈≈≈...#...######o#o#
≈≈≈≈≈....#.⌠.#__#...#'###########
≈≈≈≈.....#...#__#...#o§≈≈§§.#.'.)
≈≈.......#)###__#..o#.#≈≈§#.#)#..
.........#.).#__#...o.#.§.#.#.#..
.........#___#v_+...#.#.§.#...#..
▓▓▓▓▓▓▓▓▓▓▓▓▓▓▓▓▓▓▓▓▓▓▓▓▓▓▓▓▓▓▓▓▓


You could see an orc knight (very poisoned), an orc priest (poisoned,
combustible) and 2 orcs.

Vanquished Creatures
  Snorg (D)
  A centaur warrior (D)
  A deep elf pyromancer (D)
  A shadow (D)
  A necrophage (D)
  2 centaurs (D)
  An earth elemental (D)
  A water elemental (D)
  Crazy Yiuf (D)
  A jelly (D)
  Jessica (D)
  A wizard (D)
  A necromancer (D)
  3 humans (D)
  A kobold demonologist (D)
  An orc (D)
  An endoplasm (D)
  2 rats (D)
22 creatures vanquished.

Vanquished Creatures (others)
  53 foxfires (D)
53 creatures vanquished.

Grand Total: 75 creatures vanquished

Notes
Turn   | Place    | Note
-------+----------+-------------------------------------------
     0 | D        | Baz the Djinni Fire Elementalist began the quest for the
                  | Orb.
     0 | D        | Reached XP level 1. HP: 15/15 MP: 0/0
   191 | D        | Noticed Jessica
   204 | D        | Killed Jessica
   205 | D        | Reached skill level 3 in Fighting
   205 | D        | Reached XP level 2. HP: 14/25 MP: 0/0
   205 | D        | Reached XP level 3. HP: 16/30 MP: 0/0
   205 | D        | Learned a level 1 spell: Animate Skeleton
   366 | D        | Reached skill level 4 in Fighting
   440 | D        | Noticed Crazy Yiuf
   450 | D        | Killed Crazy Yiuf
   451 | D        | Reached skill level 5 in Fighting
   451 | D        | Reached skill level 5 in Spellcasting
   451 | D        | Reached XP level 4. HP: 31/39 MP: 0/0
   520 | D        | Noticed a water elemental
   525 | D        | Killed a water elemental
   526 | D        | Reached skill level 6 in Fighting
   526 | D        | Reached XP level 5. HP: 22/46 MP: 0/0
   526 | D        | Learned a level 2 spell: Poisonous Vapours
   778 | D        | Noticed a shadow
   784 | D        | Reached skill level 7 in Fighting
   791 | D        | Killed a shadow
   792 | D        | Reached skill level 9 in Fighting
   792 | D        | Reached XP level 6. HP: 44/56 MP: 0/0
   859 | D        | Found a blossoming altar of Fedhas.
   859 | D        | Found a stormy altar of Qazlal.
   859 | D        | Found a snail-covered altar of Cheibriados.
   859 | D        | Found a burning altar of Makhleb.
   859 | D        | Found a shimmering altar of Xom.
   860 | D        | Found a hazy altar of Hepliaklqana.
   860 | D        | Found an opulent altar of Gozag.
   860 | D        | Found a sparkling altar of Nemelex Xobeh.
   860 | D        | Found a corrupted altar of Lugonu.
   860 | D        | Found a viscous altar of Jiyva.
   860 | D        | Noticed a spatial vortex
   863 | D        | Became a worshipper of Makhleb the Destroyer
   882 | D        | Found a basalt altar of Yredelemnul.
   882 | D        | Found a shadowy altar of Dithmenos.
   882 | D        | Found a sacrificial altar of Ru.
   882 | D        | Noticed a necrophage
   887 | D        | Killed a necrophage
   888 | D        | Reached skill level 10 in Fighting
   888 | D        | Reached XP level 7. HP: 46/63 MP: 0/0
   888 | D        | Learned a level 3 spell: Teleport Other
   985 | D        | Found a hide-covered altar of Uskayaw.
   985 | D        | Found an iron altar of Okawaru.
   985 | D        | Found a bloodstained altar of Trog.
   985 | D        | Found an ornate altar of the Wu Jian Council.
   985 | D        | Noticed a human
   985 | D        | Noticed a human
   990 | D        | Killed a human
   990 | D        | Reached * piety under Makhleb
   992 | D        | Killed a human
   993 | D        | Reached skill level 11 in Fighting
  1182 | D        | Found a glowing silver altar of Zin.
  1182 | D        | Found a glowing golden altar of the Shining One.
  1182 | D        | Found a white marble altar of Elyvilon.
  1182 | D        | Noticed a deep elf pyromancer
  1184 | D        | Killed a deep elf pyromancer
  1185 | D        | Reached skill level 12 in Fighting
  1185 | D        | Reached skill level 10 in Spellcasting
  1185 | D        | Reached XP level 8. HP: 70/74 MP: 0/0
  1204 | D        | Reached ** piety under Makhleb
  1233 | D        | Noticed Snorg
  1246 | D        | Killed Snorg
  1247 | D        | Reached skill level 13 in Fighting
  1247 | D        | Reached skill level 5 in Dodging
  1247 | D        | Reached XP level 9. HP: 58/80 MP: 0/0
  1247 | D        | Learned a level 4 spell: Airstrike
  1597 | D        | Noticed a centaur warrior
  1610 | D        | Killed a centaur warrior
  1610 | D        | Reached *** piety under Makhleb
  1611 | D        | Reached skill level 5 in Invocations
  1947 | D        | Noticed an orc knight
  1967 | D        | Mangled by an orc knight

Illustrated notes

Levels and vault maps discovered:
D:        dungeon_sprint_mu [sprint_mu_entry_forest, sprint_mu_temple_rooms,
          sprint_mu_d1_horrors, sprint_mu_d2_genie, sprint_mu_d3_branching,
          sprint_mu_orc_legion, sprint_mu_elf_gauntlet, sprint_mu_hive_nellie,
          sprint_mu_lair_fedhas, sprint_mu_vaults_butterflies,
          sprint_mu_slime_circle, sprint_mu_swamp_cave, sprint_mu_shoals_kraken,
          sprint_mu_blade_basic, sprint_mu_crypt_lich, sprint_mu_tomb_spiral,
          sprint_mu_vestibule_basic, sprint_mu_gehenna_hellfire,
          sprint_mu_dis_giant, sprint_mu_tartarus_statrot,
          sprint_mu_cocytus_islands, sprint_mu_zot1]

Skill      XL: |  1  2  3  4  5  6  7  8  9 |
---------------+----------------------------+-----
Spellcasting   | 4 5 6 7 8 10 11 | 11.3
Fighting       | 3 5 6 9 10 12 13 | 13.8
Dodging        | 5 7 |  7.1
Invocations    | 4 6 |  6.0
Stealth        | |  1.7

Action                   |  1- 3 |  4- 6 |  7- 9 || total
-------------------------+-------+-------+-------++-------
Melee: Quarterstaff      |       |     1 |       ||     1
 Cast: Foxfire           |    27 |     5 |       ||    32
       Animate Skeleton  |     1 |       |     3 ||     4
       Scorch            |       |    13 |    32 ||    45
       Conjure Flame     |       |       |     2 ||     2
       Airstrike         |       |       |     9 ||     9
       Poisonous Vapours |       |       |     3 ||     3
  Use: Potion            |       |       |     1 ||     1
Armor: Robe              |       |       |     3 ||     3
Dodge: Dodged            |       |     3 |    10 ||    13
